Unix NetHack Version 5.0.0-0 post-release - last build Jun 10 2026 00:39:30 (3ee93aec679c4c4259841fe613dc97188e26a321,branch:main).

Game began 2026-06-23 23:30:28, ended 2026-06-24 00:29:34.

Felix1, neutral male gnomish Wizard

                 -------
                 |.....|    --------------
     ------      |.....|    |.........)^.|
     |...>|      |.....|    |.....|..:...|
     |.....#    #-......#   |.........'B.|##
     |....|######|.....|#   |..........@.|#
     |....|  # # -------#   |`............##
     |....|  # ##      ##    ---.---------#
     |....|###  ################`###########
     ------          ############
                     #----------------
                     #|..............|
                     #..?.......%<...|
                      |..............|
                      |..............|
                      ----------------

Felix1 the Thaumaturge    St:12 Dx:12 Co:13 In:17 Wi:12 Ch:14  Neutral
Dlvl:8  $:216 HP:0(37) Pw:14(47) AC:-6 Xp:6 T:4879  Burdened

Latest messages:
 It misses!
 It misses!
 In what direction? 2
 The spell hits it!
 It bites!
 It just misses!
 It misses!
 It misses!
 You can see again.
 In what direction? 2
 The spell hits the raven!
 You kill the raven!
 You see here a raven corpse.
 There is a raven corpse here; eat it? [ynq] (n) y
 This raven corpse is fatty.
 You finish eating the raven corpse.
 Something is engraved here on the headstone.
 You read: "I can't go to Hell.  They're afraid I'm gonna take over!"
 In what direction? .
 You need to dig up the grave to effectively loot it...
 You don't find anything here to loot.
 Something is engraved here on the headstone.
 You read: "I can't go to Hell.  They're afraid I'm gonna take over!"
 You see here a statue of a clay golem.
 The statue moves!
 The clay golem hits!
 In what direction? 4
 The spell hits the clay golem!
 An arrow shoots out at you!
 An arrow misses you.
 The vampire bat misses!
 The vampire bat misses!
 You step onto a polymorph trap!
 You feel momentarily different.
 The vampire bat misses!
 The vampire bat bites!
 The vampire bat misses!
 The vampire bat just misses!
 The vampire bat bites!
 The vampire bat bites again!
 The vampire bat bites!
 The vampire bat bites again!
 The vampire bat bites!
 The vampire bat bites again!
 The vampire bat just misses!
 The vampire bat misses!
 The clay golem hits!
 The clay golem hits!
 You die...
 Do you want your possessions identified? [ynq] (y) q

Inventory:
 Coins    ('$')
  $ - 216 gold pieces
 Amulets  ('"')
  F - an uncursed amulet of guarding (being worn)
 Weapons  (')')
  L - the rustproof +0 Magicbane
  a - a blessed +1 quarterstaff
 Armor    ('[')
  b - an uncursed +0 cloak of magic resistance (being worn)
  o - a blessed greased +2 silver dragon scale mail (being worn)
 Comestibles  ('%')
  Q - an uncursed fortune cookie
  w - an uncursed tin of spinach
 Scrolls  ('?')
  X - an uncursed scroll of amnesia
  p - an uncursed scroll of destroy armor
  k - an uncursed scroll of enchant weapon
  C - a blessed scroll of gold detection
  i - 2 uncursed scrolls of identify
  j - 2 uncursed scrolls of remove curse
 Spellbooks  ('+')
  q - an uncursed spellbook of create monster
  m - an uncursed spellbook of cure sickness
  r - an uncursed spellbook of detect unseen
  l - a blessed spellbook of force bolt
  v - an uncursed spellbook of remove curse
  D - an uncursed spellbook of remove curse
 Potions  ('!')
  B - 2 uncursed potions of fruit juice
  h - an uncursed potion of levitation
  u - a blessed potion of monster detection
  Y - an uncursed potion of restore ability
  f - an uncursed potion of see invisible
  H - an uncursed potion of sickness
  g - an uncursed potion of speed
 Rings    ('=')
  d - an uncursed ring of poison resistance
  e - a blessed +2 ring of protection (on right hand)
 Wands    ('/')
  T - a wand of make invisible (0:8)
  s - a wand of make invisible (0:7)
  Z - a wand of striking (0:5)
  c - a wand of undead turning (0:6)
 Tools    ('(')
  R - an uncursed lock pick
  n - a magic marker (0:20)
  P - an uncursed stethoscope
  E - an uncursed towel
 Gems/Stones  ('*')
  S - an uncursed worthless piece of green glass
  x - an uncursed worthless piece of red glass

Felix1 the Wizard's attributes:

Background:
 You were a Thaumaturge, a level 6 male gnomish Wizard.
 You were neutral, on a mission for Thoth
 who was opposed by Ptah (lawful) and Anhur (chaotic).
 You were right-handed.
 You were in the Dungeons of Doom, on level 8.
 You entered the dungeon 4879 turns ago.
 It was the midnight hour.
 You had 545 experience points, 95 more were needed to attain level 7.

Basics:
 You had 0 out of 37 hit points.
 You had 14 out of 47 energy points (spell power).
 Your armor class was -6.
 Your wallet contained 216 zorkmids.
 Autopickup was off.

Final Characteristics:
 Your strength was 12 (limit:18/50).
 Your dexterity was 12 (limit:18).
 Your constitution was 13 (limit:18).
 Your intelligence was 17 (limit:19).
 Your wisdom was 12 (limit:18).
 Your charisma was 14 (limit:18).

Final Status:
 You weren't hungry.
 You were burdened; movement was slightly slowed.
 You were bare handed.
 You were unskilled in bare handed combat.

Final Attributes:
 You were piously aligned.
 You were magic-protected.
 You were cold resistant.
 You had infravision.
 You had a small defense bonus (+4).
 You were protected.
 You had reflection.
 You are dead.

Miscellaneous:
 You didn't encounter any bones levels.
 Total elapsed playing time was 59 minutes and 4 seconds.

Major events:
 Turn
    1: Felix1 the neutral male gnomish Wizard entered the dungeon
   82: made his first wish - "blessed greased +2 silver dragon scale mail", got "a greased silver dragon scale mail"
 1033: attained the rank of Conjurer (level 3)
 2543: was bestowed with Magicbane by Thoth
 3513: attained the rank of Thaumaturge (level 6)
 4879: killed by a clay golem

Spells:
 Name                 Level Category     Fail Retention
 force bolt             1   attack         0%   71%-80%
 cure sickness          3   healing       85%  76%-100%

Skills:
 Fighting Skills
   bare handed combat [Unskilled]
   riding             [Unskilled]
 Weapon Skills
   dagger             [Unskilled]
   knife              [Unskilled]
   axe                [Unskilled]
   short sword        [Unskilled]
   club               [Unskilled]
   mace               [Unskilled]
   quarterstaff       [Basic]
   polearms           [Unskilled]
   spear              [Unskilled]
   trident            [Unskilled]
   sling              [Unskilled]
   dart               [Unskilled]
   shuriken           [Unskilled]
 Spellcasting Skills
   attack spells      [Basic]
   healing spells     [Unskilled]
   divination spells  [Unskilled]
   enchantment spells [Basic]
   clerical spells    [Unskilled]
   escape spells      [Unskilled]
   matter spells      [Unskilled]

Voluntary challenges:
 Character rerolling was not enabled.
 You were illiterate.
 You never genocided any monsters.
 You never polymorphed an object.
 You never changed form.
 You used 1 wish.
 You did not wish for any artifacts.
Achievements:
 You attained the rank of Conjurer.
 You entered a shop.
 You attained the rank of Thaumaturge.

 The Dungeons of Doom: levels 1 to 8
    Level 1:
       Some fountains.
    Level 2:
    Level 3:
       A sink.
    Level 4:
       A general store.
    Level 5:
       An altar to Thoth, a sink.
    Level 6:
       Many fountains.
       Oracle of Delphi.
    Level 7:
       An altar.
    Level 8: <- You were here.
       A grave.
       Final resting place for
          you, killed by a clay golem.


Vanquished creatures:
  a small mimic
  a tengu
  2 wolves
  a leprechaun
  a gold golem
  a raven
  a bugbear
  a wood nymph
  a rock mole
  a pony
  a gray ooze
  2 giant ants
  a kitten
  a rothe
  a centipede
  a giant bat
  a wererat
  4 iguanas
  a killer bee
 an acid blob
  2 coyotes
  a gas spore
  2 large kobolds
  3 hobgoblins
  3 giant rats
  4 yellow molds
  a green mold
  4 garter snakes
  2 gnome zombies
  2 geckos
  6 jackals
  3 foxes
  a kobold
  2 goblins
  7 grid bugs
  4 lichens
  5 newts
77 creatures vanquished.

No species were genocided or became extinct.

Game over:
                       ----------
                      /          \
                     /    REST    \
                    /      IN      \
                   /     PEACE      \
                  /                  \
                  |      Felix1      |
                  |      216 Au      |
                  | killed by a clay |
                  |      golem       |
                  |                  |
                  |                  |
                  |       2026       |
                 *|     *  *  *      | *
        _________)/\\_//(\/(/\)/\//\/|_)_______

Goodbye Felix1 the Wizard...

You died in The Dungeons of Doom on dungeon level 8 with 2725 points,
and 216 pieces of gold, after 4879 moves.
You were level 6 with a maximum of 37 hit points when you died.

